 Dungeon Crawl Stone Soup version 0.17.1-3-g152610e (webtiles) character file.

44 juanjsm the Sneak (level 3, -5/16 HPs)
             Began as a Spriggan Enchanter on Mar 29, 2016.
             Slain by a worm (12 damage)
             ... on level 2 of the Dungeon.
             The game lasted 00:08:04 (1278 turns).

juanjsm the Sneak (Spriggan Enchanter)              Turns: 1278, Time: 00:08:04

Health: -5/16      AC:  4    Str:  4    XL:     3   Next: 41%
Magic:  1/8        EV: 19    Int: 17    God:
Gold:   81         SH:  0    Dex: 16    Spells: 3 memorised, 1 level left

rFire  . . .     SeeInvis +     a - +1 dagger
rCold  . . .     Clarity  .     b - +2 robe
rNeg   . . .     SustAt   .     (shield restricted)
rPois  .         Gourm    .     (helmet restricted)
rElec  .         Spirit   .     (no cloak)
rCorr  .         Warding  .     (gloves unavailable)
rMut   .         Stasis   .     (boots unavailable)
MR     .....                    (no amulet)
Stlth  +++.......               (no ring)
                                (no ring)

@: very quick, not resistant to hostile enchantments, fairly stealthy
A: unfitting armour, see invisible, herbivore 3, speed 3, slow metabolism 2
a: no special abilities


You were on level 2 of the Dungeon.
You were not hungry.

You visited 1 branch of the dungeon, and saw 2 of its levels.

You collected 81 gold pieces.

Inventory:

Hand Weapons
 a - a +1 dagger (weapon)
Armour
 b - a +2 robe (worn)
Scrolls
 i - a scroll of remove curse
Potions
 e - 3 potions of cancellation
 k - a potion of curing
Books
 c - a book of Maledictions

   Spells                             Type                      Level
   a - Corona                         Hexes                        1
   b - Ensorcelled Hibernation        Hexes/Ice                    2
   c - Confuse                        Hexes                        3
   d - Tukima's Dance                 Hexes                        3
   e - Dazzling Spray                 Conjuration/Hexes            3
Comestibles
 d - 2 bread rations
 f - 5 fruits


   Skills:
 * Level 0.2 Fighting
 * Level 1.4 Short Blades
 * Level 3.6 Dodging
 * Level 5.3 Stealth
 * Level 2.9 Spellcasting
 * Level 4.1 Hexes
 + Level 0.1 Ice Magic


You had one spell level left.
You knew the following spells:

 Your Spells              Type           Power        Failure   Level  Hunger
a - Corona                Hex            ###....      3%          1    None
b - Ensorcelled Hibernat  Hex/Ice        #.....       14%         2    ##.....
c - Confuse               Hex            ###.....     12%         3    ###....


Dungeon Overview and Level Annotations

Branches:
Dungeon (2/15)

Altars:


Innate Abilities, Weirdness & Mutations

You are tiny and cannot use many weapons and most armour.
You have supernaturally acute eyesight.
You are a herbivore.
You cover ground extremely quickly.
You need consume almost no food.


Message History

The worm is severely wounded.
You barely miss the worm.
The worm is severely wounded.
The worm barely misses you.
You hit the worm.
The worm is almost dead.
You hit the worm.
The worm is almost dead.
The worm bites you!
Ouch! That really hurt!
You hit the worm but do no damage.
The worm is almost dead.
The worm completely misses you.
You hit the worm.
The worm is almost dead.
You hit the worm but do no damage.
The worm is almost dead.
The worm bites you!
Ouch! That really hurt!
You die...
PP..

♣.♣.............
.P.♣.P............... ♣..P
♣♣.........?.. ###♣.♣ ♣♣....#
#...[###+#+##.
#....♣♣♣♣.....###..............
#................>.............
#..............................
#............w....#............
#.............@................
#....##....♣..P................
#....##....♣♣♣.................
#.........♣P♣.....##...........
#..........P.P#...##...........
#........##PP##.♣♣♣♣♣♣♣♣.......
#........#...?#♣♣♣P....♣.......
##########..... ♣......### ..♣
♣♣♣.......


You could see a worm.

Vanquished Creatures
  An adder (D:2)
  3 giant geckos
  A ball python (D:1)
  3 bats (D:1)
  3 giant cockroaches
  4 goblins
  3 hobgoblins
  3 giant newts
  7 kobolds
  3 rats (D:1)
31 creatures vanquished.

Notes
Turn   | Place    | Note
--------------------------------------------------------------
     0 | D:1      | juanjsm the Spriggan Enchanter began the quest for the Orb.
     0 | D:1      | Reached XP level 1. HP: 9/9 MP: 5/5
   104 | D:1      | Reached XP level 2. HP: 11/13 MP: 3/6
   110 | D:1      | Learned a level 2 spell: Ensorcelled Hibernation
   453 | D:1      | Reached skill level 5 in Stealth
   982 | D:2      | Reached XP level 3. HP: 16/16 MP: 8/8
  1025 | D:2      | Learned a level 3 spell: Confuse
  1278 | D:2      | Slain by a worm

Action                   || total
-------------------------++-------
Melee: Dagger            ||   100
 Cast: Corona            ||     7
       Ensorcelled Hiber ||    19
       Confuse           ||     1
  Use: Potion            ||     5
       Scroll            ||     2
 Stab: Sleeping          ||    18
